 Dungeon Crawl Stone Soup version 0.27.1-16-g815e20cd7a (webtiles) character file.

Game seed: 17697396750656385400

122 McKennaii the Magician (level 5, -1/37 HPs)
             Began as a Djinni Fire Elementalist on Nov 23, 2021.
             Slain by Ijyb (5 damage)
             ... on level 3 of the Dungeon.
             The game lasted 00:04:10 (4169 turns).

McKennaii the Magician (Djinni Fire Elementalist)   Turns: 4169, Time: 00:04:11

Health: -1/37      AC:  3    Str:  7    XL:     5   Next: 27%
Gold:   90         EV: 12    Int: 18    God:
                   SH:  0    Dex: 13

rFire    + + +     SeeInvis .   (no weapon)
rCold    x . .     Faith    .   (no shield)
rNeg     . . .     Spirit   .   a - +0 robe
rPois    ∞         Reflect  .   c - +0 helmet
rElec    .         Harm     .   (no cloak)
rCorr    .         Rampage  .   (no gloves)
Will     .....                  (boots unavailable)
Stlth    ++........             (no amulet)
HPRegen  0.12/turn              b - ring of protection from fire
MPRegen  0.00/turn              (no ring)

@: flying
A: sickness immunity, fire resistance 2, cold vulnerability 1, float, innate
caster, hp casting, extra vitality 1
a: no special abilities


You were on level 3 of the Dungeon.
You visited 1 branch of the dungeon, and saw 3 of its levels.

You collected 90 gold pieces.

Inventory:

Armour
 a - a +0 robe (worn)
 c - a +0 helmet (worn)
Jewellery
 b - a ring of protection from fire (left hand)
Scrolls
 e - 3 scrolls of amnesia {unknown}
 g - a scroll of fear {unknown}
 h - a scroll of teleportation
Potions
 d - a potion of might {unknown}
 f - a potion of brilliance {unknown}


   Skills:
 * Level 1.2 Fighting
 * Level 2.5 Dodging
 + Level 1.6 Stealth
 * Level 4.0 Spellcasting


You couldn't memorise any spells.
You knew the following spells:

 Your Spells              Type           Power      Damage    Failure   Level
a - Foxfire               Conj/Fire      72%        2x1d7     2%          1
b - Conjure Flame         Conj/Fire      18%        6-21      9%          3
c - Inner Flame           Hex/Fire       18%        N/A       9%          3
d - Sticky Flame          Conj/Fire      18%        2d4       28%         4
e - Fireball              Conj/Fire      9%         3d6       61%         5
f - Magic Dart            Conj           72%        1d6       2%          1
g - Passwall              Tmut/Erth      15%        N/A       4%          2
Your spell library was empty.

Dungeon Overview and Level Annotations

Branches:
Dungeon (3/15)

Altars:
Ashenzari

Shops:
D:3 [

Annotations:
D:3 Ijyb, Sigmund


Innate Abilities, Weirdness & Mutations

You are immune to sickness and miasma.
You are immune to poison.
Your flesh is very heat resistant. (rF++)
You are vulnerable to cold. (rC-)
You float through the air rather than walking.
You learn spells naturally, not from books.
Your magical power is your life essence.
You have superior vitality. (+4 HP)


Message History

Casting: Foxfire (safe; 2% risk of failure)
Confirm with . or Enter, or press ? or * to list all spells.
You conjure some foxfire!
Ijyb barely misses you.
Your foxfire dissipates!
The foxfire hits Ijyb but does no damage.
Ijyb is severely wounded.
Casting: Foxfire (safe; 2% risk of failure)
Confirm with . or Enter, or press ? or * to list all spells.
You conjure some foxfire!
Ijyb zaps a wand.
You suddenly lose the ability to move!
The foxfire hits Ijyb but does no damage.
Ijyb is severely wounded.
The foxfire hits Ijyb but does no damage.
Ijyb is severely wounded.
Ijyb hits you with a +0 club.
* * * LOW HITPOINT WARNING * * *
Ijyb hits you but does no damage. Ijyb hits you with a +0 club.
* * * LOW HITPOINT WARNING * * *
Ijyb hits you with a +0 club.
* * * LOW HITPOINT WARNING * * *
You can move again.
Unknown command.
Unknown command.
Casting: Foxfire (safe; 2% risk of failure)
Confirm with . or Enter, or press ? or * to list all spells.
You conjure some foxfire!
* * * LOW HITPOINT WARNING * * *
Ijyb misses you.
Unknown command.
The foxfire hits Ijyb.
Ijyb is severely wounded.
The foxfire hits Ijyb but does no damage.
Ijyb is severely wounded.
Casting: Foxfire (safe; 2% risk of failure)
Confirm with . or Enter, or press ? or * to list all spells.
You conjure some foxfire!
* * * LOW HITPOINT WARNING * * *
Ijyb hits you with a +0 club.
You die...

.# ....... .#
.......#### .#
..........####
.#######...........'..#
...............>...##.#
....................#.#
##.#####............#.#
##.# #........gv..#.#
##.# #........@v..#.#
##.#####............#.#
...#................#.#
####.###............#.#
####.##...........(.#.#
.....##.#+#########.#.#
.)...#....######## .#.#
.....#....'....... .#.#
..)..#....###########.#


You could see Ijyb (ally target).

Vanquished Creatures
  Terence (D:2)
  Robin (D:2)
  An adder (D:2)
  A worm (D:2)
  2 dart slugs
  4 orcs (D:3)
  5 bats
  2 endoplasms (D:2)
  5 giant cockroaches
  12 goblins
  4 hobgoblins
  2 jackals (D:2)
  3 kobolds
  3 quokkas (D:1)
  7 ball pythons
  3 frilled lizards
  8 rats
64 creatures vanquished.

Vanquished Creatures (others)
  331 foxfires
331 creatures vanquished.

Grand Total: 395 creatures vanquished

Notes
Turn   | Place    | Note
-------+----------+-------------------------------------------
     0 | D:1      | McKennaii the Djinni Fire Elementalist began the quest for
                  | the Orb.
     0 | D:1      | Reached XP level 1. HP: 15/15 MP: 0/0
   101 | D:1      | Reached XP level 2. HP: 6/22 MP: 0/0
   779 | D:1      | Found a faded altar of an unknown god.
   873 | D:1      | Reached skill level 3 in Spellcasting
   878 | D:1      | Reached XP level 3. HP: 21/26 MP: 0/0
   878 | D:1      | Learned a level 1 spell: Magic Dart
  1461 | D:2      | Noticed Terence
  1469 | D:2      | Killed Terence
  1470 | D:2      | Reached skill level 1 in Fighting
  1470 | D:2      | Reached XP level 4. HP: 23/32 MP: 0/0
  1714 | D:2      | Noticed Robin
  2054 | D:2      | Killed Robin
  2465 | D:2      | Reached XP level 5. HP: 36/37 MP: 0/0
  2465 | D:2      | Learned a level 2 spell: Passwall
  3373 | D:3      | Found a broken altar of Ashenzari.
  3377 | D:3      | Noticed Sigmund
  3714 | D:3      | Reached skill level 4 in Spellcasting
  3772 | D:3      | Found Resone's Armour Emporium.
  4138 | D:3      | Noticed Ijyb
  4147 | D:3      | Paralysed by Ijyb for 5 turns
  4161 | D:3      | Paralysed by Ijyb for 5 turns
  4169 | D:3      | Slain by Ijyb

Illustrated notes

Levels and vault maps discovered:
D:1:      minmay_arrival_open_corners, layout_rooms,
          dreamdust_ecumenical_altar_angels_and_demons
D:2:      layout_loops_cross, minivault_27, uniq_terence, uniq_robin
D:3:      layout_basic, ashenzari_altar_1, serial_shops, nicolae_lakefront_shop,
          uniq_ijyb, uniq_sigmund

Skill      XL: |  1  2  3  4  5 |
---------------+----------------+-----
Spellcasting   | 3 4 |  4.0
Fighting       | 1 |  1.2
Dodging        | |  2.5
Stealth        | |  1.6

Action                   |  1- 3 |  4- 6 || total
-------------------------+-------+-------++-------
Melee: Unarmed           |     3 |     2 ||     5
 Cast: Foxfire           |    78 |   127 ||   205
       Magic Dart        |       |     2 ||     2
  Use: Scroll            |       |     1 ||     1
Armor: Robe              |     3 |     7 ||    10
Dodge: Dodged            |     9 |     9 ||    18
